 Dungeon Crawl Stone Soup version 0.31.0-2-g5a2aebc5c2 (webtiles) character file.

Game seed: 3788064357286088031

2975 bpung the Mimic (level 9, -1/73 (78) HPs)
             Began as a Troll Shapeshifter on Jan 20, 2024.
             Was a Follower of Hepliaklqana.
             Constricted to death by Jeremiah (4 damage)
             ... on level 7 of the Dungeon.
             The game lasted 00:09:48 (4938 turns).

bpung the Mimic (Troll Shapeshifter)                Turns: 4938, Time: 00:09:50

HP:   -1/73 (78)    AC:  5    Str: 28    XL:     9   Next: 53%
MP:   8/8           EV:  8    Int:  6    God:    Hepliaklqana [*.....]
Gold: 311           SH:  0    Dex:  9    Spells: 8/8 levels left

rFire   . .          .
                       - Unarmed
rCold   . . .        (no shield)
rNeg    . . .        a - +1 animal skin
rPois   .            (helmet currently unavailable)
rElec   .            (cloak currently unavailable)
rCorr   .            (gloves unavailable)
SInv    .            (boots unavailable)
Will    .....        (no amulet)
Stlth   +            j - +4 ring of slaying
HPRegen 1.12/turn    (no ring)
MPRegen 0.11/turn

%: no passive effects
@: mighty, beast-form, grasped by roots, constricted, drained
A: beast (slay +4), reduced essence, large, unfitting armour, claws 3,
regeneration 1, shaggy fur 1, tough skin 1
a: Begin Untransformation, Renounce Religion, Recall Ancestor, Ancestor Identity


You were on level 7 of the Dungeon.
You worshipped Hepliaklqana.
Hepliaklqana was aware of your devotion.
You were a hulking beast.
You visited 2 branches of the dungeon, and saw 8 of its levels.

You collected 311 gold pieces.

Inventory:

Missiles
 t - 13 poisoned darts (quivered)
Armour
 a - a +1 animal skin (worn)
 r - a +1 pair of gloves
Jewellery
 e - an amulet of faith
 j - a +4 ring of slaying (left claw)
Talismans
 c - a beast talisman
 d - a flux talisman
Wands
 h - a wand of mindburst (16)
 m - a wand of roots (17)
 v - a wand of flame (12)
Scrolls
 b - 2 scrolls of identify
 g - 2 scrolls of teleportation
 n - a scroll of butterflies {unknown}
 p - a scroll of revelation
Potions
 f - 2 potions of cancellation
 i - a potion of lignification
 k - 3 potions of curing
 l - a potion of resistance
 q - 3 potions of ambrosia
 s - a potion of enlightenment
 u - a potion of magic


   Skills:
 + Level 4.9 Fighting
 + Level 5.1 Dodging
 + Level 6.6 Unarmed Combat
 * Level 8.3 Shapeshifting


You had 8 spell levels left.
You didn't know any spells.
Your spell library contained the following spells:

 Spells                   Type           Power      Damage    Failure   Level
 Apportation              Tloc           0%         N/A       45%         1
 Necrotise                Necr           0%         1d4       45%         1
 Blink                    Tloc           0%         N/A       58%         2
 Jinxbite                 Hex            0%         N/A       58%         2
 Lesser Beckoning         Tloc           0%         N/A       58%         2
 Momentum Strike          Conj/Tloc      0%         3d8       58%         2
 Inner Flame              Hex/Fire       0%         N/A       83%         3
 Vampiric Draining        Necr           0%         2d6       83%         3
 Flame Wave               Conj/Fire      0%         2d4       99%         4
 Martyr's Knell           Necr/Summ      0%         N/A       99%         4
 Sticky Flame             Fire/Alch      0%         2d4       99%         4
 Alistair's Intoxication  Alch           0%         N/A       100%        5
 Curse of Agony           Necr           0%         N/A       100%        5


Dungeon Overview and Level Annotations

Branches:
Dungeon (7/15)             Temple (1/1) D:6

Altars:
Ashenzari
Cheibriados
Dithmenos
Elyvilon
Fedhas
Gozag
Hepliaklqana
Kikubaaqudgha
Makhleb
Okawaru
Qazlal
Ru
Sif Muna
Uskayaw
Vehumet
Wu Jian
Yredelemnul
The Shining One

Shops:
D:3 :

Annotations:
D:4 2 transporters, Taul's ghost, amateur MiFi
D:7 Jeremiah


Innate Abilities, Weirdness & Mutations

You are a hulking beast.
Your limbs bulge with bestial killing power. (Slay +4)
Your life essence is reduced to manifest your ancestor. (-10% HP)
You are too large for most types of armour.
You have claws for hands.
Your natural rate of healing is unusually fast.
You are covered in fur. (AC +1)
You have tough skin. (AC +1)


Message History

You escape the roots grasp.
Jeremiah cries, "Fearful master, protect me!"
Something smites you!
Shiptu hits the butterfly!
The butterfly dies!
The butterfly disappears in a burst of colours!
You barely miss Jeremiah.
Jeremiah hits you with a +2 trident of draining.
* * * LOW HITPOINT WARNING * * *
You feel drained.
You mangle Jeremiah!!
Jeremiah is heavily wounded.
Jeremiah closely misses you.
You barely miss Jeremiah.
Jeremiah is heavily wounded.
The butterfly disappears in a burst of colours!
Jeremiah zaps a wand.
The roots erupt in riotous growth!
The grasping roots grab you!
The butterfly is unaffected.
Jeremiah is unaffected.
The butterfly is unaffected. x3; The grasping roots constrict you.
* * * LOW HITPOINT WARNING * * *
You feel very mighty all of a sudden.
The butterfly disappears in a burst of colours!
Jeremiah hits you with a +2 trident of draining.
* * * LOW HITPOINT WARNING * * *
You feel drained.
* * * LOW HITPOINT WARNING * * *
The grasping roots constrict you!
* * * LOW HITPOINT WARNING * * *
Shiptu hits the butterfly.
The butterfly dies!
The butterfly disappears in a burst of colours!
You barely miss Jeremiah.
Jeremiah is heavily wounded.
Jeremiah hits you with a +2 trident of draining.
* * * LOW HITPOINT WARNING * * *
You feel drained.
* * * LOW HITPOINT WARNING * * *
The grasping roots constrict you.
You die...
Jeremiah asks, "What happened?
Did... did you die?"

..........# ......
..........# ......
.....b...#
......#####.......
.............b..#
...#.#.#........# .
....$......)...b###b...
...#.#.#.....)RhFb.....
##.........)b..bbb.b#..
#|.#.#.#.###...b#..b...
##......))......#b#.....
.).#####)##....#.#.#....
..<.).........#.#.#.#...
#............#.#.#.#.#..
##..........#.#.#.#.#.#.
#.####....#.#.#. #.


You could see the friendly Shiptu the ancestor and Jeremiah (ally target).

Vanquished Creatures
  A troll (D:7)
  3 yaks (D:7)
  A steam dragon (D:7)
  Menkaure (D:4)
  Duvessa (D:4)
  A water moccasin (D:5)
  An ice beast (D:6)
  A sky beast (D:6)
  A black bear (D:6)
  A phantom (D:4)
  2 centaurs (D:5)
  A bullfrog (D:7)
  5 scorpions
  A gnoll sergeant (D:7)
  Dowan (D:4)
  3 bombardier beetles
  3 hounds
  2 jellies
  4 iguanas
  An orc wizard (D:4)
  Natasha (thrice) (D:3)
  Robin (D:4)
  3 adders
  2 shadow imps
  A white imp (D:6)
  2 dart slugs (D:1)
  2 ribbon worms (D:3)
  16 orcs
  6 ball pythons
  4 endoplasms
  A giant cockroach (D:4)
  8 goblins
  13 hobgoblins
  2 jackals (D:1)
  7 kobolds
  4 quokkas
  2 bats
  4 frilled lizards
  A spectral goblin (D:1)
117 creatures vanquished.

Vanquished Creatures (collateral kills)
  2 yaks (D:7)
  A gnoll (D:7)
3 creatures vanquished.

Vanquished Creatures (others)
  4 gnolls (D:7)
4 creatures vanquished.

Grand Total: 124 creatures vanquished

Notes
Turn   | Place    | Note
-------+----------+-------------------------------------------
     0 | D:1      | bpung the Troll Shapeshifter began the quest for the Orb.
     0 | D:1      | Reached XP level 1. HP: 18/18 MP: 0/0
   179 | D:1      | Found a faded altar of an unknown god.
   233 | D:1      | Reached skill level 1 in Fighting
   238 | D:1      | Reached XP level 2. HP: 27/27 MP: 1/1
   816 | D:1      | Reached XP level 3. HP: 33/33 MP: 2/2
  1236 | D:2      | Identified the orb of the Thieving Gods {guile, rF- rN++
                  | Alchemy}
  1833 | D:3      | Noticed Natasha
  1839 | D:3      | Killed Natasha
  1840 | D:3      | Reached XP level 4. HP: 41/41 MP: 3/3
  1901 | D:3      | Found Huqanyeph's Book Boutique.
  1936 | D:3      | Noticed Natasha
  1941 | D:3      | Killed Natasha
  1960 | D:3      | Noticed Natasha
  1964 | D:3      | Killed Natasha
  1965 | D:3      | Reached skill level 4 in Shapeshifting
  1965 | D:3      | Reached XP level 5. HP: 48/49 MP: 4/4
  2192 | D:4      | Reached XP level 6. HP: 24/57 MP: 5/5
  2368 | D:4      | Noticed Dowan
  2369 | D:4      | Noticed Duvessa
  2385 | D:4      | Killed Duvessa
  2386 | D:4      | Reached skill level 5 in Shapeshifting
  2391 | D:4      | Killed Dowan
  2392 | D:4      | Reached XP level 7. HP: 36/66 MP: 6/6
  2523 | D:4      | Noticed Menkaure
  2531 | D:4      | Killed Menkaure
  2609 | D:4      | Found a transporter.
  2611 | D:4      | Noticed Robin
  2617 | D:4      | Killed Robin
  2725 | D:4      | Noticed Taul's ghost (amateur MiFi)
  2728 | D:4      | Found a transporter.
  3071 | D:5      | Entered Level 5 of the Dungeon
  3179 | D:5      | Reached skill level 5 in Unarmed Combat
  3179 | D:5      | Reached skill level 6 in Shapeshifting
  3416 | D:5      | Reached XP level 8. HP: 74/75 MP: 7/7
  3918 | D:6      | Found a staircase to the Ecumenical Temple.
  3924 | Temple   | Entered the Ecumenical Temple
  3939 | Temple   | Became a worshipper of Hepliaklqana the Forgotten
  4309 | D:6      | Reached skill level 7 in Shapeshifting
  4364 | D:6      | Found a stormy altar of Qazlal.
  4639 | D:7      | Noticed a troll
  4648 | D:7      | Killed a troll
  4649 | D:7      | Reached XP level 9. HP: 17/84 MP: 8/8
  4769 | D:7      | Reached * piety under Hepliaklqana
  4785 | D:7      | Reached skill level 8 in Shapeshifting
  4788 | D:7      | Reached skill level 5 in Dodging
  4923 | D:7      | Noticed Jeremiah
  4938 | D:7      | HP: 3/73 [Jeremiah/+2 trident of draining (1)]
  4938 | D:7      | Constricted to death by Jeremiah

Illustrated notes

Levels and vault maps discovered:
D:1:      dpeg_arrival_renting, layout_basic,
          dreamdust_ecumenical_altar_drowned_temple
D:2:      layout_basic, due_unseen_surprise
D:3:      layout_basic, serial_shops, nicolae_shop_real_fake_doors, uniq_natasha
D:4:      layout_loops_ring, gammafunk_ghost_arena, minmay_starry_boxes,
          uniq_menkaure, uniq_duvessa, uniq_robin
D:5:      layout_loops_ring, grunt_decor_resistance
D:6:      layout_gridville, mainiacjoe_overflow_surrounded_room,
          minmay_temple_entry_hall, minmay_fractal_squares_gapless_5
D:7:      layout_basic, serial_glass, glass_columns_b, glass_columns_b,
          hangedman_abyss_or_decor_lesser_grid, nicolae_the_louvre,
          uniq_jeremiah
Temple:   bh_familiar_temple

Skill      XL: |  1  2  3  4  5  6  7  8  9 |
---------------+----------------------------+-----
Fighting       | 1 2 3 4 |  4.9
Dodging        | 2 3 4 5 |  5.1
Shapeshifting  | 4 5 6 7 8 |  8.3
Unarmed Combat | 4 5 6 |  6.6

Action                     |  1- 3 |  4- 6 |  7- 9 || total
---------------------------+-------+-------+-------++-------
  Melee: Unarmed           |   107 |    45 |   168 ||   320
         Punch             |     3 |     1 |     8 ||    12
    Use: Scroll            |       |    13 |     5 ||    18
         Potion            |       |       |     5 ||     5
   Stab: Sleeping          |     1 |       |       ||     1
 Armour: Animal skin       |    79 |    29 |   122 ||   230
  Dodge: Dodged            |    58 |    21 |    64 ||   143
